[Event "Team 45 45 League T88"]
[Site "Internet Chess Club"]
[Date "2021.04.16"]
[Round "2"]
[White "cap78red"]
[Black "tryanything"]
[Result "1/2-1/2"]
[WhiteElo "1370"]
[BlackElo "1487"]
[Opening "English opening"]
[ECO "A22"]
[Time "05:00:19"]
[TimeControl "2700+45"]

1. c4 e5 2. Nc3 Nf6 3. Nf3 d6 4. e4 g6 5. d3 Bg7 6. Be2 Be6 7. Ng5 Nc6 8. Nxe6
fxe6 9. Be3 O-O 10. O-O Nd4 11. f4 Nxe2+ 12. Qxe2 exf4 13. Rxf4 e5 14. Rf2 Qd7
15. Nd5 b6 16. Raf1 Nxd5 17. Rxf8+ Rxf8 18. Rxf8+ Bxf8 19. exd5 c6 20. Qf3 c5
21. Bg5 a6 22. Qf6 b5 23. Qe6+ Qf7 24. cxb5 axb5 25. b3 b4 26. h4 h6 27. Bf6 Bg7
28. Bxg7 Kxg7 29. Qxd6 Qf5 30. Qe7+ Qf7 31. Qxe5+ Qf6 32. Qxf6+ Kxf6 33. d6 Ke6
34. d7 Kxd7 35. Kf2 Kd6 36. Ke3 Ke5 37. g4 g5 38. h5 Kd5 39. Ke2 Ke5 40. Ke3 Kd5
41. Ke2 Ke5 42. Ke3 Kd5 {Game drawn by repetition} 1/2-1/2

[Event "Team 45 45 League T88"]
[Site "Internet Chess Club"]
[Date "2021.04.16"]
[Round "2"]
[White "clarinetref"]
[Black "trogers41"]
[Result "1-0"]
[WhiteElo "1468"]
[BlackElo "1255"]
[Opening "English opening"]
[ECO "A05"]
[Time "18:07:07"]
[TimeControl "2700+45"]

1. Nf3 Nf6 2. c4 e6 3. g3 b6 4. Bg2 Bb7 5. b3 Be7 6. O-O O-O 7. Nc3 d5 8. e3
Nbd7 9. Bb2 c5 10. cxd5 exd5 11. Ne2 Rc8 12. d3 Re8 13. Rc1 Bd6 14. Rc2 Ne5 15.
Nxe5 Bxe5 16. d4 Bd6 17. Qa1 Qe7 18. dxc5 bxc5 19. Rd1 Be5 20. Bxe5 Qxe5 21.
Qxe5 Rxe5 22. Nf4 Ba8 23. Nd3 Re7 24. Rxc5 Rxc5 25. Nxc5 Ne4 26. Nxe4 dxe4 27.
Rd8+ Re8 28. Rxe8# {Black checkmated} 1-0

[Event "Team 45 45 League T88"]
[Site "Internet Chess Club"]
[Date "2021.04.18"]
[Round "2"]
[White "cayo89"]
[Black "Timmah4651"]
[Result "0-1"]
[WhiteElo "1468"]
[BlackElo "1591"]
[Opening "Queen's pawn, Mason variation"]
[ECO "D00"]
[Time "08:09:26"]
[TimeControl "2700+45"]

1. d4 d5 2. Bf4 Nf6 3. e3 c5 4. c3 Nc6 5. Nd2 Bf5 6. f3 c4 7. g4 Bg6 8. h4 h6 9.
b3 b5 10. Nh3 e6 11. Be2 Bd6 12. Kf2 Bh7 13. b4 Kd7 14. a4 a6 15. Bxd6 Kxd6 16.
g5 hxg5 17. Nxg5 Bg6 18. f4 Qc7 19. Bf3 Nh7 20. e4 Nxg5 21. e5+ Kd7 22. hxg5 Ne7
23. Rxh8 Rxh8 24. axb5 axb5 25. Ra5 Qb6 26. Qa1 Nc6 27. Ra6 Qb7 28. Nf1 Bc2 29.
Ra3 g6 30. Ne3 Ba4 31. Ng4 Ne7 32. Nf6+ Kc7 33. Rxa4 bxa4 34. Qxa4 Nc6 35. b5
Qa7 36. Qc2 Ne7 37. Kg2 Ra8 38. Qb2 Qa2 39. b6+ Kb7 {White resigns} 0-1

[Event "Team 45 45 League T88"]
[Site "Internet Chess Club"]
[Date "2021.04.19"]
[Round "2"]
[White "Grenadier"]
[Black "liujf"]
[Result "1-0"]
[WhiteElo "1577"]
[BlackElo "1574"]
[Opening "Vienna game"]
[ECO "C28"]
[Time "09:04:37"]
[TimeControl "2700+45"]

1. e4 e5 2. Bc4 Nc6 3. Nc3 Nf6 4. d3 Bc5 5. f4 d6 6. Nf3 Ng4 7. Ng5 O-O 8. f5
Bf2+ 9. Kf1 Ne3+ 10. Bxe3 Bxe3 11. h4 Bxg5 12. hxg5 Qxg5 13. Rh5 Qf4+ 14. Qf3
Qxf3+ 15. gxf3 Nd4 16. Kf2 Nxc2 17. Rah1 h6 18. f6 Be6 19. fxg7 Kxg7 20. Rg1+
Kh7 21. Rgh1 Bxc4 22. dxc4 Kg7 23. Rg1+ Kh7 24. Nd5 f6 25. Rgh1 c6 26. Rxh6+ Kg7
27. Rh7+ Kg6 28. Ne7+ Kg5 29. Rg7+ Kf4 30. Rh4# {Black checkmated} 1-0

[Event "Team 45 45 League T88"]
[Site "Internet Chess Club"]
[Date "2021.04.17"]
[Round "2"]
[White "vhuffst"]
[Black "GoIrish"]
[Result "1-0"]
[WhiteElo "1345"]
[BlackElo "1383"]
[Opening "English opening"]
[ECO "A16"]
[Time "08:01:50"]
[TimeControl "2700+45"]

1. c4 Nf6 2. Nc3 g6 3. g3 Bg7 4. Bg2 O-O 5. e3 e5 6. Nge2 d6 7. e4 Nbd7 8. O-O
a5 9. b3 Nc5 10. d3 Bd7 11. f4 exf4 12. d4 fxg3 13. dxc5 gxh2+ 14. Kh1 dxc5 15.
Qe1 c6 16. Bg5 h6 17. Bxf6 Bxf6 18. Rd1 Qe7 19. Rxf6 Qxf6 20. Rxd7 Rab8 21. Qf1
Qe6 22. Bh3 Qe5 23. Qf4 Qg7 24. Kxh2 b5 25. e5 bxc4 26. e6 Rbe8 27. bxc4 g5 28.
Qd6 Qf6 29. Ne4 Qg7 30. Qxc5 g4 31. Bxg4 Qg6 32. exf7+ Rxf7 33. Bh5 Rf2+ 34.
Nxf2 Qe6 35. Bxe8 Qf6 36. Ng4 Qh4+ 37. Kg2 Qxg4+ 38. Ng3 h5 39. Qxc6 h4 40. Bf7+
Kh8 41. Qc8+ Kg7 42. Qg8+ {Black resigns} 1-0

[Event "Team 45 45 League T88"]
[Site "Internet Chess Club"]
[Date "2021.04.15"]
[Round "2"]
[White "seattleblues"]
[Black "marioseixas1992"]
[Result "0-1"]
[WhiteElo "1311"]
[BlackElo "1305"]
[Opening "King's Indian, 3.Nf3"]
[ECO "E61"]
[Time "05:04:10"]
[TimeControl "2700+45"]

1. d4 Nf6 2. Nf3 g6 3. c4 Bg7 4. Nc3 O-O 5. Bf4 d6 6. e3 Nbd7 7. Be2 Nh5 8. Bg5
f5 9. O-O Ndf6 10. b4 h6 11. Bh4 g5 12. Bxg5 hxg5 13. Nxg5 Bh6 14. Bxh5 Bxg5 15.
f4 Bh6 16. Be2 e5 17. Rf3 exf4 18. exf4 Nh5 19. Rh3 Nxf4 20. Rxh6 Qg5 21. g3
Nxe2+ 22. Qxe2 Qxh6 23. Nd5 Qe6 24. Qh5 Bd7 25. Qg5+ Kh7 26. Qh5+ Qh6 27. Qf3
Bc6 28. Re1 Bxd5 29. Re7+ Bf7 30. Qxf5+ Qg6 31. Qh3+ Kg8 32. Re1 Rae8 {White
resigns} 0-1

[Event "Team 45 45 League T88"]
[Site "Internet Chess Club"]
[Date "2021.04.18"]
[Round "2"]
[White "Signofthetimes"]
[Black "fvafier"]
[Result "0-1"]
[WhiteElo "1576"]
[BlackElo "1537"]
[Opening "Sicilian"]
[ECO "B50"]
[Time "10:00:54"]
[TimeControl "2700+45"]

1. e4 c5 2. Nf3 d6 3. Bc4 e6 4. Nc3 Nc6 5. d3 Nf6 6. Bf4 Be7 7. Qd2 O-O 8. h3 d5
9. exd5 exd5 10. Bb3 a6 11. a3 Re8 12. O-O-O b5 13. Ne2 c4 14. dxc4 dxc4 15.
Qxd8 Bxd8 16. Ned4 Nxd4 17. Rxd4 cxb3 18. cxb3 Bb6 19. Rd2 Bf5 20. Ne5 Rac8+ 21.
Kd1 Bc7 22. Re1 Bxe5 23. Bxe5 h6 24. Bxf6 Rxe1+ 25. Kxe1 gxf6 26. Rd6 Be6 27. b4
Rc2 28. Rd2 Rxd2 29. Kxd2 Kg7 30. Kc3 Kg6 31. f4 Kf5 32. g3 Ke4 33. b3 Bxh3 34.
a4 bxa4 35. bxa4 Bd7 36. a5 Bb5 {White resigns} 0-1

[Event "Team 45 45 League T88"]
[Site "Internet Chess Club"]
[Date "2021.04.17"]
[Round "2"]
[White "dalmata"]
[Black "scostanzo212"]
[Result "1/2-1/2"]
[WhiteElo "1545"]
[BlackElo "1579"]
[Opening "QGD Slav: exchange variation"]
[ECO "D13"]
[Time "12:06:43"]
[TimeControl "2700+45"]

1. d4 d5 2. c4 c6 3. cxd5 cxd5 4. Nf3 Nf6 5. Nc3 Nc6 6. e3 Bf5 7. Bb5 a6 8.
Bxc6+ bxc6 9. Qa4 Qb6 10. Ne5 Rc8 11. O-O e6 12. h3 h6 13. Re1 Bd6 14. b3 O-O
15. Ba3 Bxa3 16. Qxa3 c5 17. Na4 Qb4 18. Qxb4 cxb4 19. Nc5 a5 20. Rac1 Ne4 21.
Nxe4 Bxe4 22. f3 Bh7 23. Nc6 Ra8 24. Ne7+ Kh8 25. Rc7 Bd3 26. Rec1 a4 27. Nc6
axb3 28. axb3 Ra3 29. Nxb4 Rxb3 30. Nxd3 Rxd3 31. Kf2 Rd2+ 32. Kg3 Kh7 33. f4
Kg6 34. R1c2 Rxc2 35. Rxc2 Ra8 {Game drawn by mutual agreement} 1/2-1/2

[Event "Team 45 45 League T88"]
[Site "Internet Chess Club"]
[Date "2021.04.16"]
[Round "2"]
[White "Kingofknights"]
[Black "Denis240964"]
[Result "1/2-1/2"]
[WhiteElo "1537"]
[BlackElo "1520"]
[Opening "QGD: 6.Nf3"]
[ECO "D55"]
[Time "11:30:08"]
[TimeControl "2700+45"]

1. d4 d5 2. c4 e6 3. Nc3 Nf6 4. Bg5 Be7 5. e3 O-O 6. Nf3 b6 7. cxd5 exd5 8. Qc2
Bb7 9. Bd3 Nbd7 10. O-O Re8 11. Rfd1 c5 12. dxc5 bxc5 13. b3 Rc8 14. Rab1 d4 15.
Nb5 a6 16. Na3 Nd5 17. Bxe7 Qxe7 18. Bxh7+ Kh8 19. Bd3 Nc3 20. Nc4 Nxb1 21. Rxb1
Bxf3 22. gxf3 dxe3 23. fxe3 Ne5 24. Nxe5 Qxe5 25. Bxa6 Rc6 26. Bb5 Rg6+ 27. Kh1
Ree6 28. Bd3 Rh6 29. Re1 Rh3 30. Bf5 Rxh2+ 31. Qxh2+ Rh6 32. Qxh6+ gxh6 33. Bd3
Qg3 34. Rf1 Qh3+ {Game drawn by mutual agreement} 1/2-1/2

[Event "Team 45 45 League T88"]
[Site "Internet Chess Club"]
[Date "2021.04.17"]
[Round "2"]
[White "DaveTheRook"]
[Black "tightfist"]
[Result "1/2-1/2"]
[WhiteElo "1467"]
[BlackElo "1424"]
[Opening "Polish (Sokolsky) opening"]
[ECO "A00"]
[Time "15:51:38"]
[TimeControl "2700+45"]

1. b4 d5 2. Bb2 Nf6 3. Nf3 e6 4. a3 Bd6 5. e3 O-O 6. c4 b6 7. cxd5 exd5 8. Be2
Bb7 9. O-O Nbd7 10. Nc3 a6 11. Qc2 Re8 12. h3 Rc8 13. d4 b5 14. Rfc1 Nb6 15. Bd3
Nc4 16. Bf5 Rb8 17. Nd2 Nxb2 18. Qxb2 Ne4 19. Ncxe4 dxe4 20. Qc2 Qh4 21. Bg4 h5
22. Be2 Bd5 23. Qd1 g6 24. Qf1 Kg7 25. Rc3 Re6 26. g3 Qf6 27. Nb3 Bxb3 28. Rxb3
{Game drawn by mutual agreement} 1/2-1/2

[Event "Team 45 45 League T88"]
[Site "Internet Chess Club"]
[Date "2021.04.16"]
[Round "2"]
[White "ascoli"]
[Black "Portola"]
[Result "1-0"]
[WhiteElo "1770"]
[BlackElo "1733"]
[Opening "French: King's Indian attack"]
[ECO "C00"]
[Time "16:01:07"]
[TimeControl "2700+45"]

1. e4 e6 2. d3 d5 3. Nd2 dxe4 4. dxe4 Nf6 5. g3 Be7 6. Bg2 O-O 7. Ngf3 Nbd7 8.
O-O c6 9. b3 Qc7 10. Bb2 b6 11. Qe2 Bb7 12. Rfd1 Rad8 13. e5 Nd5 14. c4 Nb4 15.
Ne4 Nc5 16. Nxc5 Rxd1+ 17. Rxd1 bxc5 18. a3 Na6 19. h4 Nb8 20. Nh2 Qb6 21. Qc2
Rd8 22. Be4 h6 23. Ng4 Rxd1+ 24. Qxd1 Qd8 25. Qe2 Qf8 26. Qf3 h5 27. Ne3 g6 28.
Ng2 Qd8 29. Bc3 Qb6 30. Bc2 Qd8 31. Nf4 Qe8 32. Nxh5 Qf8 33. Qg4 Qh6 34. Nf4 Nd7
35. Bxg6 Qg7 36. Bxf7+ Kxf7 37. Qxe6+ Ke8 38. Qxd7+ Kxd7 39. e6+ Kd6 40. Bxg7
Bc8 41. h5 Bxe6 42. Nxe6 Kxe6 43. h6 Kf7 44. Kg2 Kg6 45. f4 Bd8 46. Kf3 Be7 47.
Kg4 Bd6 48. f5+ Kh7 49. Kh4 Bc7 50. g4 a5 51. g5 Bd8 52. Kh5 a4 53. g6+ Kg8 54.
f6 {Black resigns} 1-0

[Event "Team 45 45 League T88"]
[Site "Internet Chess Club"]
[Date "2021.04.18"]
[Round "2"]
[White "justice02"]
[Black "Constrictor"]
[Result "1-0"]
[WhiteElo "1753"]
[BlackElo "1516"]
[Opening "Ruy Lopez: modern Steinitz defense, Rubinstein variation"]
[ECO "C60"]
[Time "12:00:52"]
[TimeControl "2700+45"]

1. e4 e5 2. Nf3 Nc6 3. Bb5 Nge7 4. c3 a6 5. Ba4 d6 6. d4 Bd7 7. Bb3 Ng6 8. Ng5
Be6 9. d5 h6 10. dxe6 hxg5 11. exf7+ {Black resigns} 1-0

[Event "Team 45 45 League T88"]
[Site "Internet Chess Club"]
[Date "2021.04.15"]
[Round "2"]
[White "Gojira"]
[Black "rubo"]
[Result "1/2-1/2"]
[WhiteElo "1529"]
[BlackElo "1457"]
[Opening "Queen's pawn game"]
[ECO "D00"]
[Time "22:00:14"]
[TimeControl "2700+45"]

1. d4 Nf6 2. Nc3 d5 3. Bf4 Bf5 4. f3 e6 5. g4 Bg6 6. h4 h5 7. g5 Nfd7 8. e3 Be7
9. Bd3 Bxd3 10. Qxd3 a6 11. Nge2 c5 12. dxc5 Nc6 13. Na4 Qa5+ 14. Nec3 Nxc5 15.
Nxc5 Bxc5 16. a3 Be7 17. Kf2 b5 18. Ne2 Qb6 19. Nd4 Nxd4 20. exd4 Bd6 21. Bxd6
Qxd6 22. Rae1 Rc8 23. c3 g6 24. Re5 O-O 25. Rhe1 Kg7 26. Qe3 Rc6 27. Qf4 Qd8 28.
R5e2 Re8 29. Qe5+ f6 30. gxf6+ Qxf6 31. Qxf6+ Kxf6 32. Re5 Re7 33. Kg3 Rg7 34.
Kf4 Rd6 35. Rg1 Rdd7 36. Ke3 Rc7 37. Kd3 Rc6 38. f4 Rd6 39. Reg5 Rc6 40. Kc2 a5
41. Kb3 Rc4 42. R1g3 Kf7 43. Re5 Kf6 44. Rge3 Re7 45. Rg5 Rf7 46. Reg3 Rg7 47.
Re3 Rf7 48. Reg3 Rg7 49. Re3 Rf7 50. Reg3 {Game drawn by repetition} 1/2-1/2

[Event "Team 45 45 League T88"]
[Site "Internet Chess Club"]
[Date "2021.04.17"]
[Round "2"]
[White "g8wrb"]
[Black "Visin"]
[Result "1-0"]
[WhiteElo "1319"]
[BlackElo "1316"]
[Opening "Nimzovich-Larsen attack: modern variation"]
[ECO "A01"]
[Time "13:00:12"]
[TimeControl "2700+45"]

1. b3 e5 2. Bb2 d6 3. e3 Nc6 4. Bb5 Bd7 5. Nf3 a6 6. Bxc6 Bxc6 7. d3 Be7 8. O-O
Nf6 9. Nbd2 O-O 10. e4 b5 11. Qe2 Bb7 12. c4 c5 13. a3 Bc8 14. b4 Bg4 15. bxc5
dxc5 16. Bxe5 Nd7 17. Bc3 f6 18. Qe3 Nb6 19. Ba5 Rb8 20. Rfb1 Bd7 21. Nb3 Qc8
22. cxb5 axb5 23. Rc1 Na4 24. Bd2 Qb7 25. Rab1 Rfc8 26. Na5 Qa6 27. Ra1 Bd8 28.
Nb3 c4 29. dxc4 bxc4 30. Nbd4 Bb6 31. Qe2 Nb2 32. Bc3 Nd3 33. Rcb1 Bg4 34. a4
Bxf3 35. gxf3 Bxd4 36. Rxb8 Rxb8 37. Bxd4 Qd6 38. Bc3 Rb3 39. Qc2 Qc5 40. Rf1
Qg5+ 41. Kh1 Ne5 42. Bxe5 Qxe5 43. Qxc4+ Kf8 44. Qxb3 Qb2 {Black resigns} 1-0

[Event "Team 45 45 League T88"]
[Site "Internet Chess Club"]
[Date "2021.04.17"]
[Round "2"]
[White "fhunfi"]
[Black "primerpaso"]
[Result "0-1"]
[WhiteElo "1711"]
[BlackElo "1852"]
[Opening "Sicilian: closed, 2...Nc6"]
[ECO "B23"]
[Time "11:01:16"]
[TimeControl "2700+45"]

1. e4 c5 2. Nc3 Nc6 3. Bb5 Nd4 4. Bc4 e6 5. Nf3 g6 6. Nxd4 cxd4 7. Ne2 Bg7 8.
O-O Ne7 9. d3 d5 10. exd5 Nxd5 11. Nf4 Nb6 12. Bb3 O-O 13. f3 Bd7 14. Qe1 a5 15.
a3 Qc7 16. Rf2 Rfc8 17. Re2 Qd6 18. g3 Rc5 19. Qf2 Rac8 20. Ng2 Bc6 21. Ne1 Bd5
22. Bxd5 Nxd5 23. f4 Qc6 24. Bd2 Qb6 25. Ra2 Rb5 26. Bc1 a4 27. Nf3 Ne3 28. Rxe3
dxe3 29. Bxe3 Qc6 30. c3 Rd5 31. d4 f6 32. Ra1 e5 33. dxe5 fxe5 34. fxe5 Rf8 35.
Qe2 Bxe5 36. Rf1 Bg7 37. Nd4 Rxf1+ 38. Qxf1 Qe8 39. Bf2 Qf7 40. Qh3 h5 41. Qc8+
Kh7 42. Qh3 Bxd4 43. Bxd4 Qf5 44. Qh4 Qg5 45. Qe4 Rd7 46. Qe8 Qd8 47. Qe5 Re7
48. Qf4 Qe8 49. Qf3 Rf7 50. Qd1 Qb5 51. Qc1 Qe2 52. Qb1 Rf3 53. Qc1 Rd3 {White
resigns} 0-1

[Event "Team 45 45 League T88"]
[Site "Internet Chess Club"]
[Date "2021.04.19"]
[Round "2"]
[White "QuieroAprender"]
[Black "walkover"]
[Result "1/2-1/2"]
[WhiteElo "1653"]
[BlackElo "1749"]
[Opening "Queen's pawn: London system"]
[ECO "A45"]
[Time "13:13:10"]
[TimeControl "2700+45"]

1. d4 Nf6 2. Bf4 c5 3. e3 d5 4. Nf3 Nc6 5. c3 Nh5 6. Bg3 Nxg3 7. hxg3 cxd4 8.
exd4 g6 9. Na3 Bg7 10. Nc2 Bg4 11. Ne3 Bxf3 12. Qxf3 e6 13. Bd3 Rc8 14. g4 Qg5
15. g3 O-O 16. Kf1 e5 17. dxe5 Nxe5 18. Qe2 Nxd3 19. Qxd3 d4 {Game drawn by
mutual agreement} 1/2-1/2

[Event "Team 45 45 League T88"]
[Site "Internet Chess Club"]
[Date "2021.04.15"]
[Round "2"]
[White "tacticaltal"]
[Black "Portola"]
[Result "0-1"]
[WhiteElo "1622"]
[BlackElo "1749"]
[Opening "French: Tarrasch"]
[ECO "C03"]
[Time "15:00:31"]
[TimeControl "2700+45"]

1. e4 e6 2. d4 d5 3. Nd2 dxe4 4. Nxe4 Be7 5. Nf3 Nd7 6. Bd3 Ngf6 7. Nxf6+ Bxf6
8. c3 O-O 9. O-O c5 10. Be3 Qc7 11. Rc1 b6 12. Qc2 h6 13. Rfd1 Bb7 14. Be4 Bxe4
15. Qxe4 Rad8 16. d5 exd5 17. Rxd5 Rfe8 18. Qd3 Ne5 19. Nxe5 Bxe5 20. Rd1 Rxd5
21. Qxd5 Bxh2+ 22. Kf1 Be5 23. Qd7 Qb8 24. Rd5 Bf6 25. Bf4 Qc8 26. Qxc8 Rxc8 27.
Rd7 Ra8 28. Bd6 Rd8 29. Rxd8+ Bxd8 30. Ke2 c4 31. Ke3 f5 32. a4 a6 33. Kd4 Kf7
34. Kxc4 Ke6 35. Bf8 Bf6 36. a5 bxa5 37. Kc5 h5 38. Kb6 Bd8+ 39. Kxa6 g5 40. Kb5
h4 41. Bh6 Ke5 42. Bg7+ Ke4 43. Kc4 g4 44. Bf8 h3 45. gxh3 gxh3 46. Bd6 f4
{White resigns} 0-1

[Event "Team 45 45 League T88"]
[Site "Internet Chess Club"]
[Date "2021.04.18"]
[Round "2"]
[White "andrew37"]
[Black "monkhammer"]
[Result "1-0"]
[WhiteElo "1629"]
[BlackElo "1547"]
[Opening "English opening: Agincourt variation"]
[ECO "A13"]
[Time "16:00:44"]
[TimeControl "2700+45"]

1. Nf3 d5 2. c4 e6 3. e3 Nf6 4. Nc3 Bd6 5. b3 O-O 6. Bb2 c6 7. Qc2 Nbd7 8. Be2
e5 9. cxd5 Nxd5 10. Ne4 Bc7 11. a3 f5 12. Nc3 Kh8 13. O-O e4 14. Nd4 N7f6 15.
Nxd5 Nxd5 16. Rac1 Qh4 17. g3 Qh3 18. Nxc6 Bd7 19. Nb4 Rac8 20. Nxd5 Bxg3 21.
fxg3 Rxc2 22. Rxc2 Bc6 23. Nf4 Qh6 24. Bc4 Qd6 25. Nh5 {Black resigns} 1-0

[Event "Team 45 45 League T88"]
[Site "Internet Chess Club"]
[Date "2021.04.18"]
[Round "2"]
[White "MacroPawn"]
[Black "Packerfan"]
[Result "0-1"]
[WhiteElo "1799"]
[BlackElo "1839"]
[Opening "English opening"]
[ECO "A20"]
[Time "15:33:28"]
[TimeControl "2700+45"]

1. c4 e5 2. g3 Nf6 3. Bg2 Bc5 4. e3 d6 5. Ne2 O-O 6. O-O Nc6 7. Nbc3 a5 8. d4
exd4 9. exd4 Ba7 10. Re1 Bf5 11. a3 Re8 12. Be3 Qc8 13. Qd2 Ne4 14. Nxe4 Bxe4
15. f3 Bf5 16. Bf2 a4 17. Nf4 Bb6 18. Nd5 Rxe1+ 19. Rxe1 Ba5 20. Nc3 Qd7 21. Qe3
Rd8 22. Re2 Bb6 23. Qf4 Bd3 24. Rd2 Bg6 25. Qh4 Na5 26. Bh3 Qe8 27. Re2 Qf8 28.
Nxa4 Nxc4 29. b3 Bd3 30. Ra2 Na5 31. Nxb6 cxb6 32. b4 Nc4 33. d5 b5 34. Qd4 Ne5
35. Kg2 Bc4 36. Rd2 Ra8 37. f4 Ng6 38. Qc3 Ne7 39. Kg1 Nxd5 40. Qf3 Nf6 41. g4
d5 42. Bd4 Ne4 43. g5 Nxd2 {White resigns} 0-1

[Event "Team 45 45 League T88"]
[Site "Internet Chess Club"]
[Date "2021.04.19"]
[Round "2"]
[White "DeepPoo"]
[Black "gera-carp75"]
[Result "0-1"]
[WhiteElo "1756"]
[BlackElo "1858"]
[Opening "Levitsky attack (Queen's bishop attack)"]
[ECO "D00"]
[Time "14:19:25"]
[TimeControl "2700+45"]

1. d4 d5 2. Bg5 Nf6 3. e3 c6 4. c3 Nbd7 5. Bxf6 Nxf6 6. Bd3 g6 7. Nf3 Bg7 8.
Nbd2 Nd7 9. Qc2 e5 10. dxe5 Nxe5 11. Nxe5 Bxe5 12. Nf3 Bg7 13. h3 O-O 14. O-O b6
15. Rad1 Qf6 16. Nh2 Bb7 17. Rd2 c5 18. c4 Rad8 19. cxd5 Bxd5 20. Rfd1 Bb7 21.
Ng4 Qc6 22. f3 h5 23. Bxg6 Rxd2 24. Bh7+ Kh8 25. Rxd2 hxg4 26. hxg4 Qh6 27. Bf5
Qxe3+ 28. Kh1 Qe1+ 29. Kh2 Be5+ 30. g3 Qxg3+ 31. Kh1 Bxf3+ 32. Rg2 Qh2# {White
checkmated} 0-1

[Event "Team 45 45 League T88"]
[Site "Internet Chess Club"]
[Date "2021.04.18"]
[Round "2"]
[White "evan7284"]
[Black "ivanson"]
[Result "1/2-1/2"]
[WhiteElo "1692"]
[BlackElo "1614"]
[Opening "Queen's pawn: London system"]
[ECO "A45"]
[Time "14:00:52"]
[TimeControl "2700+45"]

1. d4 Nf6 2. Bf4 c5 3. d5 d6 4. c4 e5 5. Bg5 Be7 6. Nc3 Nxd5 7. Qxd5 Bxg5 8. Nf3
Be7 9. e4 Nc6 10. Qd2 Be6 11. Bd3 O-O 12. Nd5 Nd4 13. Nxd4 cxd4 14. O-O Bxd5 15.
cxd5 Bg5 16. Qb4 Qb6 17. Qb3 Qxb3 18. axb3 g6 19. g4 a6 20. Ra4 Rac8 21. Raa1
Rc7 22. b4 Rfc8 23. Kg2 Kf8 24. Ra5 Bc1 25. Ra2 Bf4 26. h3 Rc1 27. Ra1 Ke7 28.
Kf3 Rxf1 29. Rxf1 Rc1 30. Rxc1 Bxc1 31. b3 Bd2 32. b5 a5 33. Ke2 Bb4 34. f3
{Game drawn by mutual agreement} 1/2-1/2

[Event "Team 45 45 League T88"]
[Site "Internet Chess Club"]
[Date "2021.04.18"]
[Round "2"]
[White "cayo89"]
[Black "dabodhi"]
[Result "0-1"]
[WhiteElo "1455"]
[BlackElo "1543"]
[Opening "Queen's pawn"]
[ECO "A40"]
[Time "15:58:47"]
[TimeControl "2700+45"]

1. d4 e6 2. Bf4 f5 3. e3 d6 4. Nf3 Nf6 5. c4 Be7 6. Bd3 O-O 7. Nc3 b6 8. Qe2 Bb7
9. h3 c5 10. O-O Ne4 11. Nd2 Nxc3 12. bxc3 Nd7 13. Nf3 g5 14. Bh2 Rc8 15. e4 f4
16. d5 e5 17. g3 Qe8 18. gxf4 gxf4 19. Kh1 Qh5 20. Rg1+ Kh8 21. Ng5 f3 22. Qe3
h6 23. Ne6 Rg8 24. Rg3 Rxg3 25. fxg3 Nf8 26. Nxf8 Rxf8 27. Rf1 Bg5 28. Qf2 Qxh3
29. Be2 Ba6 30. Bxf3 Bxc4 31. Rg1 Qc8 32. Kg2 Bd3 33. Re1 h5 34. Qb2 Rxf3 35.
Kxf3 Qg4+ 36. Kf2 h4 37. Kg2 Bxe4+ 38. Rxe4 Qxe4+ 39. Kh3 Qf5+ 40. Kg2 h3+ 41.
Kg1 Be3+ 42. Kh1 Qf3+ 43. Qg2 hxg2# {White checkmated} 0-1

[Event "Team 45 45 League T88"]
[Site "Internet Chess Club"]
[Date "2021.04.19"]
[Round "2"]
[White "GoIrish"]
[Black "Andressa"]
[Result "1-0"]
[WhiteElo "1398"]
[BlackElo "1348"]
[Opening "Réti opening"]
[ECO "A04"]
[Time "08:11:35"]
[TimeControl "2700+45"]

1. Nf3 Nc6 2. g3 Nf6 3. Bg2 e6 4. O-O Be7 5. d3 O-O 6. e4 d6 7. Nbd2 e5 8. c3
Bg4 9. h3 Bxf3 10. Nxf3 h6 11. Nh4 d5 12. exd5 Nxd5 13. Nf5 Bg5 14. Bxg5 hxg5
15. Re1 Nde7 16. Nxe7+ Qxe7 17. d4 f6 18. Bd5+ Kh8 19. Qh5# {Black checkmated}
1-0

[Event "Team 45 45 League T88"]
[Site "Internet Chess Club"]
[Date "2021.04.17"]
[Round "2"]
[White "Fulmar"]
[Black "howah45"]
[Result "1-0"]
[WhiteElo "1186"]
[BlackElo "1148"]
[Opening "Scandinavian: Pytel-Wade variation"]
[ECO "B01"]
[Time "11:00:37"]
[TimeControl "2700+45"]

1. e4 d5 2. exd5 Qxd5 3. Nc3 Qd6 4. Bc4 Nc6 5. Nge2 a6 6. O-O Nf6 7. h3 Bf5 8.
d3 Na5 9. Bb3 Nxb3 10. axb3 Nd5 11. Ra5 Nxc3 12. bxc3 Qg6 13. Nd4 Bxh3 14. Qf3
Bg4 15. Qxb7 Rd8 16. Rg5 Bc8 17. Qxc7 Qd6 18. Qxd6 Rxd6 19. Bf4 Rd7 20. Ra1 e6
21. Rga5 Bd6 22. Bxd6 Rxd6 23. b4 O-O 24. Nb3 Rc6 25. Nc5 Rd8 26. c4 Rdd6 27. c3
g6 28. d4 Kg7 29. f4 Kf6 30. Kf2 h6 31. Ke3 g5 32. fxg5+ hxg5 33. Ne4+ {Black
resigns} 1-0

[Event "Team 45 45 League T88"]
[Site "Internet Chess Club"]
[Date "2021.04.18"]
[Round "2"]
[White "kabindra"]
[Black "mongmong"]
[Result "0-1"]
[WhiteElo "1664"]
[BlackElo "1576"]
[Opening "French: advance, Milner-Barry gambit"]
[ECO "C02"]
[Time "17:00:44"]
[TimeControl "2700+45"]

1. e4 e6 2. d4 d5 3. e5 c5 4. c3 Nc6 5. Nf3 Qb6 6. Bd3 cxd4 7. cxd4 Bd7 8. O-O
Nxd4 9. Nbd2 Nxf3+ 10. Nxf3 h6 11. Be3 Bc5 12. Bxc5 Qxc5 13. b4 Qxb4 14. Rb1 Qa5
15. Rxb7 Ne7 16. Qe2 Bc6 17. Bb5 Bxb5 18. Rxb5 Qd8 19. Rb7 O-O 20. Qa6 Ng6 21.
Rxa7 Rxa7 22. Qxa7 Qa8 23. Qxa8 Rxa8 24. Ra1 Nf4 25. Kf1 Nd3 26. Ke2 Nb4 27. a4
Kf8 28. Nd4 Ke8 29. Nb5 Kd7 30. Kd2 Nc6 31. f4 Na7 32. Nd6 f6 33. Kc3 fxe5 34.
fxe5 Nc6 35. Nb7 Nxe5 36. Kd4 Nc6+ 37. Kc5 Na5 38. Kb6 Nc4+ 39. Kb5 Nd6+ 40. Kb6
Nc4+ 41. Kb5 Nd6+ 42. Nxd6 Kxd6 43. Kb6 e5 44. a5 e4 45. a6 d4 46. Kb7 Re8 47.
a7 Re7+ 48. Kb8 Rxa7 49. Rxa7 d3 50. Kc8 Ke5 51. Rxg7 d2 52. Rd7 e3 53. Kc7 e2
54. Re7+ Kf5 {White resigns} 0-1

[Event "Team 45 45 League T88"]
[Site "Internet Chess Club"]
[Date "2021.04.17"]
[Round "2"]
[White "seattleblues"]
[Black "olivermx"]
[Result "1-0"]
[WhiteElo "1324"]
[BlackElo "1236"]
[Opening "Queen's gambit accepted"]
[ECO "D23"]
[Time "21:10:01"]
[TimeControl "2700+45"]

1. d4 d5 2. Nf3 Nf6 3. c4 dxc4 4. a4 e6 5. Nc3 Bb4 6. Qc2 h6 7. e4 Nc6 8. Bxc4
Nxd4 9. Qd3 Nxf3+ 10. gxf3 Qxd3 11. Bxd3 O-O 12. Bd2 b6 13. Rg1 Bb7 14. Bxh6 Ne8
15. Rc1 f6 16. Ke2 Kf7 17. Be3 Rh8 18. Rg2 c6 19. Na2 Bd6 20. Rh1 g5 21. Nc1 Nc7
22. Nb3 c5 23. Nd2 Ne8 24. Nc4 Bc7 25. e5 Rh3 26. Rg3 Rxg3 27. hxg3 Ng7 28. Rh6
fxe5 29. Bg6+ Kf8 30. Rh8+ Ke7 31. Bxg5+ Kd7 32. Rxa8 Bxa8 33. Bf6 Nf5 34. Nxe5+
Bxe5 35. Bxe5 Nd4+ 36. Bxd4 cxd4 37. Kd3 Bxf3 38. Kxd4 Bd1 39. Ke5 Ke7 40. a5
bxa5 41. Bb1 a4 42. Ba2 Bg4 43. f4 a6 44. Bc4 a5 45. Kd4 Kf6 46. Kc5 e5 47.
fxe5+ Kxe5 48. Kb5 Kd4 49. Bg8 Ke3 50. Kxa4 Kf2 51. Kxa5 Kxg3 52. b4 Be2 53. Kb6
Kf4 54. Kc5 Ke5 55. Bc4 Bf3 56. b5 Kf6 57. Bd5 Bxd5 58. Kxd5 Ke7 59. Kc6 Kd8 60.
Kb7 {Black resigns} 1-0